 Dungeon Crawl Stone Soup version 0.30.1-11-g7821555f0a (webtiles) character file.

Game seed: 5876433760726155811

49 comborobin the Sneak (level 3, 0/19 HPs)
             Began as a Spriggan Delver on Dec 4, 2023.
             Was an Initiate of Wu Jian.
             Slain by Duvessa
             ... wielding a +0 short sword of speed
              (3 damage)
             ... on level 4 of the Dungeon.
             The game lasted 00:01:48 (466 turns).

comborobin the Sneak (Spriggan Delver)               Turns: 466, Time: 00:01:48

Health: 0/19       AC:  2    Str:  8    XL:     3   Next: 51%
Magic:  4/4        EV: 18    Int: 11    God:    Wu Jian [......]
Gold:   0          SH:  0    Dex: 18    Spells: 2/2 levels left

rFire   . . .        a - +0 short sword
rCold   . . .        (no shield)
rNeg    . . .        b - +0 robe
rPois   .            (helmet restricted)
rElec   .            (no cloak)
rCorr   .            (gloves unavailable)
SInv    +            (boots unavailable)
Will    .....        (no amulet)
Stlth   ++++         (no ring)
HPRegen 0.23/turn    (no ring)
MPRegen 0.09/turn

%: no passive effects
@: very quick
A: very small, no large weapons, unfitting armour, see invisible, speed 3
a: Renounce Religion


You were on level 4 of the Dungeon.
You worshipped Wu Jian.
Wu Jian was noncommittal.
You visited 2 branches of the dungeon, and saw 4 of its levels.

Inventory:

Hand Weapons
 a - a +0 short sword (weapon)
 d - the +2 flail "Gram" {antimagic, rN++ SInv}
   (You found it on level 6 of the Dungeon)

   rN:        It greatly protects you from negative energy.
   SInv:      It lets you see invisible.
Armour
 b - a +0 robe (worn)
Wands
 g - a wand of digging (3)
Scrolls
 c - a scroll of fog
 f - a scroll of amnesia


   Skills:
 - Level 2.4 Fighting
 + Level 3.0 Short Blades
 + Level 3.7 Dodging
 + Level 7.9 Stealth


You had 2 spell levels left.
You didn't know any spells.
Your spell library was empty.

Dungeon Overview and Level Annotations

Branches:
Dungeon (6/15)             Temple (1/1) D:6

Altars:
Ashenzari
Cheibriados
Hepliaklqana
Kikubaaqudgha
Okawaru
Qazlal
Trog
Wu Jian
Lugonu

Portals:
Sewer: D:4

Annotations:
D:4 Dowan, Duvessa


Innate Abilities, Weirdness & Mutations

You are very small and have problems with some larger weapons.
You are too small for most types of armour.
You have supernaturally acute eyesight. (SInv)
You cover ground extremely quickly. (Speed+++)


Message History

The giant cockroach misses you.
You closely miss the giant cockroach. The giant cockroach misses you.
You hit the giant cockroach.
The giant cockroach is moderately wounded.
The giant cockroach misses you.
You closely miss the giant cockroach.
The giant cockroach is moderately wounded.
The giant cockroach completely misses you.
You hit the giant cockroach but do no damage.
The giant cockroach is moderately wounded.
The giant cockroach bites you but does no damage.
You hit the giant cockroach.
You kill the giant cockroach!
The Council accepts your kill.
You barely miss the giant cockroach. The giant cockroach barely misses you.
You hit the giant cockroach but do no damage.
The giant cockroach bites you.
Duvessa hits you with a +0 short sword of speed.
You hit the giant cockroach but do no damage.
The giant cockroach bites you but does no damage.
Duvessa closely misses you.
As you read the scroll labelled TUWOSU RESTYOTZ, it crumbles to dust.
It is a scroll of identify.
f - a scroll of amnesia Duvessa barely misses you.
The giant cockroach barely misses you. Duvessa misses you.
You aren't carrying any potions.
Unknown command.
You hit the giant cockroach but do no damage.
The giant cockroach completely misses you.
Duvessa misses you.
You barely miss the giant cockroach. The giant cockroach misses you.
Duvessa hits you with a +0 short sword of speed.
* * * LOW HITPOINT WARNING * * *
You hit the giant cockroach.
The giant cockroach is heavily wounded.
You hear the slow rusting of a drain.
The giant cockroach closely misses you.
Duvessa hits you with a +0 short sword of speed.
You die...

~# #######..#
##≈≈≈≈≈≈..#
##.~e@Br.~# ###
#.†≈≈≈≈≈≈## #..
#..######### #.# ###
#~†≈≈≈≈≈≈~~## #.# #..
##.~~~e~~~.~####.###.#
########~.....#.#.e.#
..........#..>#...#
#####.#####...).... #!
###..##'##


You could see Duvessa, a quokka and a giant cockroach.

Vanquished Creatures
  A hound (D:5)
  An adder (D:6)
  An orc (D:6)
  3 giant cockroaches (D:4)
  A goblin (D:4)
  2 quokkas (D:4)
9 creatures vanquished.

Notes
Turn   | Place    | Note
-------+----------+-------------------------------------------
     0 | D:5      | comborobin the Spriggan Delver began the quest for the Orb.
     0 | D:5      | Reached XP level 1. HP: 11/11 MP: 2/2
     1 | D:5      | Noticed a hound
     8 | D:5      | Killed a hound
     9 | D:5      | Reached XP level 2. HP: 16/16 MP: 3/3
     9 | D:5      | Reached XP level 3. HP: 19/19 MP: 4/4
    17 | D:5      | Noticed a gnoll sergeant
    22 | D:6      | Noticed an orc warrior
    32 | D:6      | Found a staircase to the Ecumenical Temple.
    44 | D:6      | Noticed a phantom
    72 | D:6      | Identified the +2 flail "Gram" {antimagic, rN++ SInv}
    77 | D:6      | Noticed a scorpion
    87 | Temple   | Entered the Ecumenical Temple
   184 | Temple   | Became a worshipper of the Wu Jian Council
   324 | D:5      | Noticed a scorpion
   405 | D:4      | Found a broken altar of Ashenzari.
   417 | D:4      | Noticed Duvessa
   417 | D:4      | Noticed Dowan
   445 | D:4      | Found a glowing drain.
   466 | D:4      | Slain by Duvessa

Illustrated notes

Levels and vault maps discovered:
D:4:      layout_basic, nicolae_ashenzari_skybound,
          mainiacjoe_overflow_concentric_impassable,
          gammafunk_temple_overflow_pools, gup_sewer_entry_pipe, uniq_duvessa
D:5:      layout_rooms, mainiacjoe_overflow_alcove_2, kennysheep_little_box
D:6:      layout_basic, temple_pool_b, ebering_ghost_disaster_area,
          chequers_jeans, minmay_hollow_rounded_squares
Temple:   kb_corrupted_temple

Skill      XL: |  1  2  3 |
---------------+----------+-----
Dodging        | 3 |  3.7
Short Blades   | 3 |  3.0
Fighting       | |  2.4
Stealth        | |  7.9

Action                     || total
---------------------------++-------
  Melee: Short sword       ||    37
Ability: Lunge             ||     2
    Use: Scroll            ||     3
         Potion            ||     3
   Stab: Sleeping          ||     3
         Fleeing           ||     2
 Armour: Robe              ||     5
  Dodge: Dodged            ||    44
